 Dungeon Crawl Stone Soup version 0.29.1-1-gd02db6906a (webtiles) character file.

Game seed: 16839117548973422806

2069 xian the Skirmisher (level 9, -10/45 HPs)
             Began as a Spriggan Hunter on Oct 23, 2022.
             Was a Plaything of Xom.
             Killed from afar by a steam dragon (22 damage)
             ... with a ball of steam
             ... on level 7 of the Dungeon.
             The game lasted 00:13:57 (4383 turns).

xian the Skirmisher (Spriggan Hunter)               Turns: 4383, Time: 00:13:58

Health: -10/45     AC:  4    Str:  7    XL:     9   Next: 5%
Magic:  9/9        EV: 20    Int:  7    God:    Xom [*.....]
Gold:   310        SH:  0    Dex: 18    Spells: 8/8 levels left

rFire   . . .      SeeInvis +   a - +0 shortbow
rCold   . . .      Faith    .   (shield currently unavailable)
rNeg    . . .      Spirit   .   c - +1 robe
rPois   +          Reflect  .   (helmet restricted)
rElec   .          Harm     .   m - +0 cloak
rCorr   +          Rampage  .   (gloves unavailable)
Will    +....                   (boots unavailable)
Stlth   ++........              k - amulet "Romuziun" {RegenMP rPois Regen+ rCorr Str-4}
HPRegen 0.95/turn               (no ring)
MPRegen 0.51/turn               (no ring)

@: very quick
A: very small, no large weapons, unfitting armour, see invisible, speed 3, dopey
2, low MP 1, screaming 1
a: Renounce Religion


You were on level 7 of the Dungeon.
You worshipped Xom.
You were a special plaything of Xom.
You visited 1 branch of the dungeon, and saw 7 of its levels.

You collected 310 gold pieces.

Inventory:

Hand Weapons
 a - a +0 shortbow (weapon)
 n - a +4 quarterstaff of chaos
Armour
 c - a +1 robe (worn)
 m - a +0 cloak (worn)
Magical Staves
 d - a staff of cold
Jewellery
 e - an amulet of reflection
 k - the amulet "Romuziun" (around neck) {RegenMP rPois Regen+ rCorr Str-4}
   (You found it on level 2 of the Dungeon)

   [amulet of magic regeneration]

   It increases your rate of magic regeneration.
   Str:       It affects your strength (-4).
   rPois:     It protects you from poison.
   Regen:     It increases your rate of health regeneration.
   rCorr:     It protects you from acid and corrosion.
Scrolls
 b - 2 scrolls of immolation
 g - a scroll of fear {unknown}
 l - a scroll of magic mapping
 o - 3 scrolls of poison
 p - 2 scrolls of enchant armour
 q - a scroll of blinking
Potions
 f - a potion of lignification
 h - 2 potions of heal wounds
 i - 3 potions of flight
 j - 3 potions of degeneration {unknown}
 r - 2 potions of curing
 s - a potion of magic {unknown}


   Skills:
 + Level 4.2 Fighting
 + Level 0.1 Staves
 + Level 11.0 Ranged Weapons
 + Level 5.3 Dodging
 + Level 2.3 Stealth


You had 8 spell levels left.
You didn't know any spells.
Your spell library contained the following spells:

 Spells                   Type           Power      Damage    Failure   Level
 Summon Small Mammal      Summ           0%         N/A       43%         1
 Call Canine Familiar     Summ           0%         N/A       80%         3
 Gell's Gravitas          Tloc           0%         N/A       80%         3
 Lesser Beckoning         Tloc           0%         N/A       80%         3
 Summon Guardian Golem    Hex/Summ       0%         N/A       80%         3
 Teleport Other           Tloc           0%         N/A       80%         3
 Airstrike                Air            0%         2d(0-16)  99%         4
 Animate Dead             Necr           0%         N/A       99%         4
 Summon Lightning Spire   Summ/Air       0%         N/A       99%         4
 Borgnjor's Vile Clutch   Necr/Erth      0%         N/A       100%        5
 Lightning Bolt           Conj/Air       0%         1d11      100%        5
 Death Channel            Necr           0%         N/A       100%        6


Dungeon Overview and Level Annotations

Branches:
Dungeon (7/15)             Temple (0/1) D:6

Altars:
Fedhas
Gozag
Nemelex Xobeh
Xom


Innate Abilities, Weirdness & Mutations

You are very small and have problems with some larger weapons.
You are too small for most types of armour.
You have supernaturally acute eyesight. (SInv)
You cover ground extremely quickly. (Speed+++)
You are very dopey. (Int -4)
Your magical capacity is low. (-10% MP)
You occasionally shout uncontrollably at your foes.


Message History

Your base attributes are Str 9, Int 11, Dex 18.
Increase (S)trength, (I)ntelligence, or (D)exterity?
You feel stronger. x2
You shoot an arrow. The arrow hits the iguana!
You kill the iguana!
The white imp gestures at you. The puff of frost misses you.
Your Ranged Weapons skill increases to level 11!
Unknown command.
You shoot an arrow.
The arrow closely misses the steam dragon.
The white imp gestures at you. The puff of frost hits you!
You are too injured to fight recklessly!
You are too injured to fight recklessly!
You are too injured to fight recklessly!
Unknown command.
The steam dragon breathes steam at you. The ball of steam misses you.
The white imp puffs mist at you. The white imp gestures at you.
The puff of frost hits you!
You are too injured to fight recklessly!
You are too injured to fight recklessly!
You are too injured to fight recklessly!
You are too injured to fight recklessly!
Fire: a) +0 shortbow
Press: ? - help, Q - select action Shift-Dir - straight line, f/p - steam dragon
Aim: a steam dragon (catching its breath, 68% to hit)
You shoot an arrow. The arrow hits the steam dragon.
The steam dragon is lightly wounded.
The white imp gestures at you. The puff of frost hits you!
* * * LOW HITPOINT WARNING * * *
Unknown command.
Found a flail.
The steam dragon breathes steam at you. The ball of steam hits you!!
You die...
Xom giggles madly!

.# .....# .#
#.##)###.##..# .# #
......!......# .#
#.#.#.##.#.##..# .# #
.#........##..# .# ##.#
..)..#.#.....#
...#.#..:..)#.##..# #
#........#...##..#
.##.#.##@#)#.#.##..#
.......§...$.#.....#
#.##.###§##.#.#.##..# .
#....!.§........##..#
#..#.####.###.##.#.##..#
.....####.###.##.#.##†.#
....?..)D§§.5.........##
......D.#.§!..###...###
.........§.§......###


There were no monsters in sight!

Vanquished Creatures
  Sigmund (D:5)
  Eustachio (D:4)
  An ice beast (D:7)
  4 ogres
  2 centaurs
  A phantom (D:7)
  2 kobold brigands (D:6)
  A necrophage (D:5)
  A scorpion (D:6)
  A howler monkey (D:6)
  2 hounds (D:6)
  Crazy Yiuf (D:3)
  4 orc priests
  2 iguanas
  An orc wizard (D:4)
  4 gnolls
  9 adders
  2 white imps
  An ufetubus (D:5)
  5 worms
  2 dart slugs
  29 orcs
  9 ball pythons
  7 bats
  5 endoplasms
  2 giant cockroaches (D:2)
  5 goblins
  5 hobgoblins
  4 quokkas
  2 frilled lizards
  16 kobolds
  6 rats
138 creatures vanquished.

Vanquished Creatures (collateral kills)
  A warg (D:5)
  A scorpion (D:5)
  A hound (D:3)
  A gnoll bouda (D:5)
4 creatures vanquished.

Vanquished Creatures (others)
  4 fungi (D:5)
  A plant (D:5)
5 creatures vanquished.

Grand Total: 147 creatures vanquished

Notes
Turn   | Place    | Note
-------+----------+-------------------------------------------
     0 | D:1      | xian the Spriggan Hunter began the quest for the Orb.
     0 | D:1      | Reached XP level 1. HP: 10/10 MP: 2/2
   284 | D:1      | Reached XP level 2. HP: 13/14 MP: 3/3
   784 | D:1      | You fall into a shaft and drop 1 floor!
   823 | D:2      | Reached XP level 3. HP: 18/18 MP: 4/4
  1048 | D:2      | Reached skill level 5 in Ranged Weapons
  1112 | D:2      | Found a faded altar of an unknown god.
  1118 | D:2      | Prayed at the altar of an unknown god.
  1118 | D:2      | Became a worshipper of Xom of Chaos
  1164 | D:2      | Reached XP level 4. HP: 23/23 MP: 5/5
  1167 | D:2      | XOM: divination: detect creatures
  1207 | D:2      | Identified the amulet "Romuziun" {RegenMP rPois Regen+
                  | rCorr Str-4}
  1291 | D:2      | XOM: divination: magic mapping
  1567 | D:3      | Reached skill level 6 in Ranged Weapons
  1567 | D:3      | Reached XP level 5. HP: 23/26 MP: 6/6
  1657 | D:3      | XOM: silly message
  1744 | D:3      | XOM: cast spell 'Summon Small Mammal'
  1783 | D:3      | Found a runed translucent door.
  1784 | D:3      | Noticed Crazy Yiuf
  1814 | D:3      | XOM: divination: detect creatures
  1831 | D:3      | Killed Crazy Yiuf
  2144 | D:4      | Noticed Eustachio
  2186 | D:4      | XOM: potion effect (might)
  2201 | D:5      | Entered Level 5 of the Dungeon
  2201 | D:5      | Found a blossoming altar of Fedhas.
  2210 | D:5      | Reached XP level 6. HP: 32/32 MP: 7/7
  2244 | D:5      | XOM: cast spell 'Call Canine Familiar'
  2248 | D:5      | Reached skill level 7 in Ranged Weapons
  2280 | D:5      | XOM: god gift: chain mail {god gift}
  2320 | D:4      | XOM: confuse monster(s)
  2331 | D:4      | XOM: smoke on damage
  2334 | D:4      | Killed Eustachio
  2335 | D:4      | Reached XP level 7. HP: 7/35 MP: 8/8
  2601 | D:4      | XOM: noise
  2632 | D:4      | Found a sparkling altar of Nemelex Xobeh.
  2633 | D:4      | XOM: noise
  2687 | D:4      | XOM: give mutations
  2687 | D:4      | Gained mutation: You occasionally shout uncontrollably at
                  | your foes. [Xom's mischief]
  2687 | D:4      | Gained mutation: Your magical capacity is low. (-10% MP)
                  | [Xom's mischief]
  2687 | D:4      | Gained mutation: You are dopey. (Int -2) [Xom's mischief]
  2687 | D:4      | Gained mutation: You are very dopey. (Int -4) [Xom's
                  | mischief]
  2918 | D:5      | XOM: polymorph black bear -> warg
  2929 | D:5      | XOM: chaos cloud
  2930 | D:5      | Paralysed by you for 4 turns
  2931 | D:5      | XOM: summons 4 hostile shadow creatures
  2934 | D:5      | HP: 1/36 [warg (9)]
  3019 | D:5      | XOM: chaos upgrade
  3053 | D:5      | Reached skill level 8 in Ranged Weapons
  3069 | D:5      | Noticed Sigmund
  3073 | D:5      | Killed Sigmund
  3123 | D:5      | XOM: blink monster(s)
  3149 | D:5      | XOM: repel stairs
  3162 | D:5      | XOM: enchant monster (bad)
  3168 | D:5      | XOM: silly message
  3184 | D:5      | XOM: potion effect (haste)
  3215 | D:5      | XOM: butterfly on damage
  3328 | D:5      | Found an opulent altar of Gozag.
  3388 | D:5      | XOM: divination: detect creatures
  3481 | D:5      | XOM: potion effect (curing)
  3487 | D:5      | XOM: summons 7 friendly demons
  3495 | D:5      | Reached skill level 9 in Ranged Weapons
  3495 | D:5      | Reached XP level 8. HP: 39/40 MP: 8/8
  3755 | D:6      | XOM: enchant monster (bad)
  3852 | D:6      | Reached skill level 5 in Dodging
  3863 | D:6      | Found a staircase to the Ecumenical Temple.
  3926 | D:6      | Reached skill level 10 in Ranged Weapons
  4185 | D:7      | XOM: butterfly on damage
  4296 | D:7      | XOM: 1-stop teleportation journey
  4309 | D:7      | XOM: polymorph iguana -> centaur
  4372 | D:7      | Reached XP level 9. HP: 31/45 MP: 9/9
  4373 | D:7      | Reached skill level 11 in Ranged Weapons
  4383 | D:7      | Killed from afar by a steam dragon

Illustrated notes

Levels and vault maps discovered:
D:1:      amcnicky_arrival_underground_garden, layout_loops_corners,
          minmay_misc_feat_tower
D:2:      layout_rooms, hellmonk_ecumenical_altar_heavens_door,
          hangedman_decor_clover_reticule, wad_orctagon
D:3:      layout_basic, uniq_crazy_yiuf_cottage
D:4:      layout_rooms, nemelex_altar_shiori, minmay_misc_feat_encased,
          uniq_eustachio
D:5:      layout_gridville, fedhas_altar_3, kennysheep_little_box,
          hangedman_abyss_or_decor_lesser_grid, uniq_sigmund
D:6:      layout_rooms, minmay_temple_entry_glass, grunt_decor_one_mirror,
          grunt_decor_junction, minmay_crossroads
D:7:      layout_basic, lemuel_doored_altar, serial_shops, nicolae_shop_trees,
          kennysheep_mini_moat, nicolae_lakefront_shop, minmay_diced_spiral

Skill      XL: |  1  2  3  4  5  6  7  8  9 |
---------------+----------------------------+-----
Ranged Weapons | 5 6 7 9 10 11 | 11.0
Dodging        | 3 4 5 |  5.3
Fighting       | 2 3 4 |  4.2
Stealth        | 2 |  2.3
Staves         | |  0.1

Action                   |  1- 3 |  4- 6 |  7- 9 || total
-------------------------+-------+-------+-------++-------
Melee: Quarterstaff      |       |    13 |     1 ||    14
 Fire: Shortbow          |   112 |   186 |   307 ||   605
  Use: Scroll            |     3 |     4 |     2 ||     9
       Potion            |       |       |     5 ||     5
Armor: Robe              |     2 |    22 |    22 ||    46
Dodge: Dodged            |    35 |   147 |   159 ||   341
Block: Other             |     2 |       |       ||     2
